 Dungeon Crawl Stone Soup version 0.31-a0-229-g1fc7ce93e2 (webtiles) character file.

Game seed: 13471859373822922398

422 qw the Shooter (level 6, -2/51 HPs)
             Began as a Minotaur Hexslinger on July 6, 2023.
             Succumbed to a scorpion's poison
             ... on level 4 of the Dungeon.
             The game lasted 00:01:28 (3468 turns).

qw the Shooter (Minotaur Hexslinger)                Turns: 3468, Time: 00:01:29

Health: -2/51      AC:  5    Str: 12    XL:     6   Next: 63%
Magic:  6/6        EV: 11    Int: 10    God:
Gold:   253        SH:  0    Dex: 15    Spells: 6/7 levels left

rFire   . . .        Y - +1 sling
rCold   + . .        (no shield)
rNeg    . . .        l - +0 ring mail
rPois   .            (helmet restricted)
rElec   .            h - scarf {repulsion}
rCorr   .            (no gloves)
SInv    +            (no boots)
Will    .....        (no amulet)
Stlth   +            e - ring of protection from cold
HPRegen 0.28/turn    k - ring of see invisible
MPRegen 0.10/turn

%: repel missiles
@: lethally poisoned (-2 -> -15), about to teleport
A: horns 2, retaliatory headbutt
a: no special abilities


You were on level 4 of the Dungeon.
You visited 1 branch of the dungeon, and saw 5 of its levels.

You collected 253 gold pieces.


Innate Abilities, Weirdness & Mutations

You have a pair of horns on your head.
You reflexively headbutt those who attack you in melee.


   Skills:
 + Level 3.4 Fighting
 - Level 7.0 Ranged Weapons
 - Level 1.7 Armour
 - Level 2.1 Dodging
 - Level 1.0 Spellcasting
 - Level 2.0 Hexes


You had 6 spell levels left.
You knew the following spells:

 Your Spells              Type           Power      Damage    Failure   Level
a - Slow                  Hex            16%        N/A       32%         1

Your spell library contained the following spells:

 Spells                   Type           Power      Damage    Failure   Level
 Inner Flame              Hex/Fire       2%         N/A       83%         3
 Portal Projectile        Hex/Tloc       4%         N/A       83%         3
 Cause Fear               Hex            2%         N/A       97%         4

Inventory:

Hand Weapons
 Y - a +1 sling (weapon)
Armour
 h - a scarf of repulsion (worn)
 l - a +0 ring mail (worn)
Jewellery
 e - a ring of protection from cold (left hand)
 k - a ring of see invisible (right hand)
Scrolls
 a - a scroll of identify
Potions
 d - 2 potions of curing
 g - a potion of haste
 i - a potion of invisibility {unknown}
 j - a potion of enlightenment {unknown}
 m - a potion of heal wounds {unknown}

Dungeon Overview and Level Annotations

Branches:
Dungeon (5/15)
 Temple: D:4-7

Altars:
Ashenzari
Nemelex Xobeh

Annotations:
D:2 1 runed translucent door, Crazy Yiuf


Message History

The orc's wounds heal themselves!
The scorpion barely misses you.
You climb upwards.
There is a stone staircase leading down here.
You shoot a sling bullet. The sling bullet hits the orc priest.
The orc priest is almost dead.
The scorpion stings you.
You are poisoned.
The scorpion poisons you!
The orc priest hits you with a +0 flail.
The orc priest hits you with a +0 war axe!
The orc priest closely misses you. The orc closely misses you.
You shoot a sling bullet.
The sling bullet hits the orc priest but does no damage.
The orc priest is almost dead.
You feel very sick. The scorpion closely misses you.
The orc priest invokes the aid of Beogh against you.
You barely resist.
The orc priest hits you with a +0 war axe.
The orc priest hits you with a +0 club. The orc hits you but does no damage.
The scorpion stings you.
You are more poisoned.
The scorpion poisons you! The orc priest closely misses you.
You furiously retaliate!
You headbutt the orc priest!
You kill the orc priest!
The orc hits you but does no damage. The orc priest closely misses you.
You furiously retaliate!
You headbutt the orc priest.
The orc priest looks satisfied for a moment.
3467 ||| READING scroll of teleportation.
As you read the scroll of teleportation, it crumbles to dust.
You feel strangely unstable.
You feel very sick. The scorpion barely misses you. You furiously retaliate!
You headbutt the scorpion. The orc hits you but does no damage.
The orc priest closely misses you. You furiously retaliate!
You headbutt the orc priest. The orc priest closely misses you.
You furiously retaliate!
You headbutt the orc priest. You shoot a sling bullet.
The sling bullet hits the orc priest.
The orc priest is heavily wounded.
You die...

#..####.##########......#
#....##.##.....# #.######
#.##.##.##.....# #.#
#.......##.....# #J#
#.......##.....# #.#
#.##.##.##.....###.####
#.##.##.####.##.......# #.##.##.#
#o##.##.##.#
#.##.##.####o@s.>#.##.#
#.......#....o)^.#....#
####.####.#####..####.#
####)####.##.....####.##### #
##.#.#........##...........# ##
###.#.#.####.##..........###.###.
....#%)## #.....<.####.#........
#..##.### ####.#### #.#.##.####
#..#....# #.# ##)#)##.#


You could see a scorpion, 2 orc priests and an orc.

Vanquished Creatures
  Sigmund (D:4)
  A jelly (D:3)
  2 orc priests
  A sleepcap (D:4)
  An orc wizard (D:4)
  A gnoll (D:2)
  An adder (D:2)
  3 worms
  2 dart slugs
  9 orcs
  4 ball pythons
  4 bats
  12 endoplasms
  3 giant cockroaches
  4 goblins
  7 hobgoblins
  5 jackals
  6 quokkas
  A frilled lizard (D:1)
  5 kobolds
  14 rats
87 creatures vanquished.

Notes
Turn   | Place    | Note
-------+----------+-------------------------------------------
     0 | D:1      | qw the Minotaur Hexslinger began the quest for the Orb.
     0 | D:1      | Reached XP level 1. HP: 16/16 MP: 1/1
     0 | D:1      | 0 ||| qw: Version: 0.3-a-46-gb1f654a
     0 | D:1      | 0 ||| qw: Game counter: 1383
     0 | D:1      | 0 ||| qw: Melee chars always use a shield: true
     0 | D:1      | 0 ||| qw: God list: Okawaru
     0 | D:1      | 0 ||| qw: Allow faded altars: false
     0 | D:1      | 0 ||| qw: Do Orc after clearing Dungeon:15 true
     0 | D:1      | 0 ||| qw: Do second Lair branch before Depths: true
     0 | D:1      | 0 ||| qw: Lair rune preference: random
     0 | D:1      | 0 ||| qw: Goals: Normal
     0 | D:1      | 0 ||| PLANNING D:1-11
   273 | D:1      | Reached skill level 3 in Ranged Weapons
   273 | D:1      | Reached XP level 2. HP: 23/23 MP: 2/2
   569 | D:1      | 569 ||| UPGRADING to ring of protection from cold.
   570 | D:1      | 570 ||| UPGRADING to ring of see invisible.
   571 | D:1      | 571 ||| READING scroll labelled ECKOTAHITI.
   572 | D:1      | 572 ||| READING scroll labelled SABBIH RULAGIM.
   573 | D:1      | 573 ||| READING scroll labelled BYTWORCH KEGEE.
   574 | D:1      | 574 ||| READING scroll labelled EPIESONOGU.
   575 | D:1      | 575 ||| DRINKING 2 orange potions.
   576 | D:1      | 576 ||| DRINKING 2 fizzy coppery potions.
   627 | D:1      | 627 ||| DROPPING scroll of poison.
   628 | D:1      | 628 ||| DROPPING potion of lignification.
   653 | D:2      | 653 ||| STAIRDANCE
   662 | D:1      | Reached XP level 3. HP: 13/29 MP: 3/3
   951 | D:2      | Found a runed translucent door.
   952 | D:2      | Noticed Crazy Yiuf
  1136 | D:2      | Reached skill level 4 in Ranged Weapons
  1405 | D:2      | Reached XP level 4. HP: 20/36 MP: 4/4
  1405 | D:2      | 1405 ||| FLEEEEING.
  1406 | D:2      | 1406 ||| FLEEEEING.
  1407 | D:2      | 1407 ||| FLEEEEING.
  1408 | D:2      | 1408 ||| FLEEEEING.
  1409 | D:2      | 1409 ||| FLEEEEING.
  1410 | D:2      | 1410 ||| FLEEEEING.
  1411 | D:2      | 1411 ||| FLEEEEING.
  1412 | D:2      | 1412 ||| FLEEEEING.
  1413 | D:2      | 1413 ||| FLEEEEING.
  1414 | D:2      | 1414 ||| FLEEEEING.
  1415 | D:2      | 1415 ||| FLEEEEING.
  1416 | D:2      | 1416 ||| FLEEEEING.
  1417 | D:2      | 1417 ||| FLEEEEING.
  1418 | D:2      | 1418 ||| FLEEEEING.
  1419 | D:2      | 1419 ||| FLEEEEING.
  1420 | D:2      | 1420 ||| FLEEEEING.
  1421 | D:2      | 1421 ||| FLEEEEING.
  1423 | D:2      | 1423 ||| FLEEEEING.
  1424 | D:2      | 1424 ||| FLEEEEING.
  1425 | D:2      | 1425 ||| FLEEEEING.
  1426 | D:2      | 1426 ||| FLEEEEING.
  1427 | D:2      | 1427 ||| FLEEEEING.
  1428 | D:2      | 1428 ||| FLEEEEING.
  1429 | D:2      | 1429 ||| FLEEEEING.
  1430 | D:2      | 1430 ||| FLEEEEING.
  1431 | D:2      | 1431 ||| FLEEEEING.
  1432 | D:2      | 1432 ||| FLEEEEING.
  1434 | D:2      | 1434 ||| FLEEEEING.
  1435 | D:2      | 1435 ||| STAIRDANCE
  1464 | D:1      | 1464 ||| UPGRADING to scarf of repulsion.
  1469 | D:1      | 1469 ||| READING scroll labelled YXTOKE REAFO.
  1470 | D:1      | 1470 ||| READING scroll labelled OCKYGO BAPS.
  1598 | D:2      | Found a faded altar of an unknown god.
  1993 | D:3      | Reached skill level 5 in Ranged Weapons
  1994 | D:3      | Reached skill level 3 in Fighting
  1994 | D:3      | Reached XP level 5. HP: 25/45 MP: 5/5
  2441 | D:3      | 2441 ||| UPGRADING to +0 leather armour.
  2451 | D:3      | 2451 ||| DROPPING +0 robe.
  2452 | D:3      | 2452 ||| UPGRADING to +0 ring mail.
  2462 | D:3      | 2462 ||| DROPPING +0 leather armour.
  2463 | D:3      | 2463 ||| READING scroll labelled ACLEDA POTI.
  2466 | D:3      | 2466 ||| READING scroll labelled WARETT SOMIQ.
  2467 | D:3      | 2467 ||| READING 3 scrolls of identify.
  2467 | D:3      | 2467 ||| IDENTIFYING murky amethyst potion
  2468 | D:3      | 2468 ||| READING 2 scrolls of identify.
  2468 | D:3      | 2468 ||| IDENTIFYING ruby potion
  2469 | D:3      | 2469 ||| DROPPING potion of magic.
  2523 | D:4      | Reached skill level 1 in Armour
  2536 | D:4      | 2536 ||| FLEEEEING.
  2732 | D:4      | 2732 ||| FLEEEEING.
  2733 | D:4      | 2733 ||| FLEEEEING.
  2734 | D:4      | 2734 ||| FLEEEEING.
  2735 | D:4      | 2735 ||| FLEEEEING.
  2736 | D:4      | 2736 ||| FLEEEEING.
  2737 | D:4      | 2737 ||| FLEEEEING.
  2738 | D:4      | 2738 ||| FLEEEEING.
  2739 | D:4      | 2739 ||| FLEEEEING.
  2740 | D:4      | 2740 ||| FLEEEEING.
  2741 | D:4      | 2741 ||| FLEEEEING.
  2742 | D:4      | 2742 ||| FLEEEEING.
  2743 | D:4      | 2743 ||| FLEEEEING.
  2744 | D:4      | 2744 ||| FLEEEEING.
  2746 | D:4      | 2746 ||| FLEEEEING.
  2747 | D:4      | 2747 ||| FLEEEEING.
  2748 | D:4      | 2748 ||| FLEEEEING.
  2749 | D:4      | 2749 ||| FLEEEEING.
  2750 | D:4      | 2750 ||| FLEEEEING.
  2751 | D:4      | 2751 ||| FLEEEEING.
  2752 | D:4      | 2752 ||| FLEEEEING.
  2753 | D:4      | 2753 ||| FLEEEEING.
  2754 | D:4      | 2754 ||| FLEEEEING.
  2755 | D:4      | 2755 ||| FLEEEEING.
  2756 | D:4      | 2756 ||| FLEEEEING.
  2757 | D:4      | 2757 ||| FLEEEEING.
  2758 | D:4      | 2758 ||| FLEEEEING.
  2759 | D:4      | 2759 ||| FLEEEEING.
  2907 | D:4      | Found a sparkling altar of Nemelex Xobeh.
  2988 | D:4      | Found a broken altar of Ashenzari.
  3110 | D:4      | Noticed Sigmund
  3113 | D:4      | 3113 ||| DRINKING 4 potions of curing.
  3113 | D:4      | 3113 ||| (to cure confusion)
  3115 | D:4      | 3115 ||| DRINKING 3 potions of curing.
  3115 | D:4      | 3115 ||| (to cure confusion)
  3138 | D:4      | Killed Sigmund
  3139 | D:4      | Reached skill level 7 in Ranged Weapons
  3139 | D:4      | Reached XP level 6. HP: 16/51 MP: 6/6
  3459 | D:5      | Entered Level 5 of the Dungeon
  3463 | D:5      | 3463 ||| STAIRDANCE
  3466 | D:4      | HP: 11/51 [orc priest/+0 club (4)]
  3467 | D:4      | 3467 ||| READING scroll of teleportation.
  3467 | D:4      | HP: 2/51 [poisoned by a scorpion]
  3468 | D:4      | Succumbed to a scorpion's poison

Levels and vault maps discovered:
D:1:      heliophobic_arrival_enchanted_forest, layout_basic
D:2:      minmay_general_purpose_star, layout_basic, basic_ecumenical_altar,
          st_stairs_12, chequers_serial_rivers_micro_c, grunt_ministairs_11,
          minmay_rat_gold_closets, uniq_crazy_yiuf_cottage
D:3:      layout_rooms
D:4:      layout_loops_cross, nemelex_dance_club_becter,
          nicolae_ashenzari_skybound, uniq_sigmund
D:5:      gammafunk_steamed_eel, layout_rooms, zin_purify,
          mainiacjoe_overflow_catwalk, uniq_menkaure, uniq_ijyb

Skill      XL: |  1  2  3  4  5 |
---------------+----------------+-----
Ranged Weapons | 3 4 5 7 |  7.0
Fighting       | 2 3 |  3.4
Armour         | 1 |  1.7
Dodging        | |  2.1
Spellcasting   | |  1.0
Hexes          | |  2.0

Action                     |  1- 3 |  4- 6 || total
---------------------------+-------+-------++-------
   Fire: Sling             |   126 |   142 ||   268
    Use: Scroll            |     4 |     7 ||    11
         Potion            |     2 |     2 ||     4
 Armour: Robe              |     3 |     3 ||     6
         Ring mail         |       |    25 ||    25
  Dodge: Dodged            |    33 |    68 ||   101
         Repelled          |       |     1 ||     1

Table legend:
 A = Non-vault XP
 B = Vault XP
 C = Vault XP percentage of total XP
 D = Non-vault monster count
 E = Vault monster count
 F = Vault count percentage of total count
                 A         B        C        D         E       F
            +---------+---------+-------+---------+---------+-------
      Total |     348 |     255 |  42.3 |      69 |      18 |  20.7
            +---------+---------+-------+---------+---------+-------
        D:1 |      34 |       7 |  17.1 |      18 |       2 |  10.0
        D:2 |      41 |      29 |  41.4 |      14 |      13 |  48.1
        D:3 |     111 |       0 |   0.0 |      16 |       0 |   0.0
        D:4 |     162 |     219 |  57.5 |      21 |       3 |  12.5
            +---------+---------+-------+---------+---------+-------
